 Dungeon Crawl Stone Soup version 0.27-a0-394-g49c82dfaf2 (webtiles) character file.

Game seed: 10501722040091837169

2153 gruber the Thaumaturge (level 9, -1/67 HPs)
             Began as a Gnoll Wanderer on Feb 21, 2021.
             Slain by a hornet zombie (4 damage)
             ... on level 9 of the Dungeon.
             The game lasted 00:18:39 (8920 turns).

gruber the Thaumaturge (Gnoll Wanderer)             Turns: 8920, Time: 00:18:39

Health: -1/67      AC: 10    Str:  9    XL:     9   Next: 31%
Magic:  7/7        EV: 13    Int: 24    God:
Gold:   437        SH:  0    Dex: 21    Spells: 16/28 levels left

rFire    . . .     SeeInvis .   Q - +9 mace of Pytubude {antimagic, *Slow rPois Dex+4}
rCold    + . .     Faith    .   (no shield)
rNeg     . . .     Spirit   .   A - +2 ring mail {rC+}
rPois    +         Reflect  .   k - +0 helmet
rElec    .         Harm     .   (no cloak)
rCorr    .         Rampage  .   (no gloves)
Will     .....                  m - +0 pair of boots
Stlth    ++........             o - amulet of the acrobat
HPRegen  0.21/turn              a - +6 ring of dexterity
MPRegen  0.10/turn              p - +6 ring of intelligence

@: no status effects
A: distributed training, fangs 1, strong nose
a: no special abilities


You were on level 9 of the Dungeon.
You visited 1 branch of the dungeon, and saw 8 of its levels.

You collected 437 gold pieces.

Inventory:

Hand Weapons
 u - a +0 flail
 E - a +0 rapier
 J - a +0 long sword
 K - a +0 shortbow
 Q - the +9 mace of Pytubude (weapon) {antimagic, *Slow rPois Dex+4}
   (You took it off a wight on level 9 of the Dungeon)

   It reduces the magical energy of the wielder, and disrupts the spells and
   magical abilities of those hit.
   Natural abilities and divine invocations are not affected.
   It affects your dexterity (+4).
   It protects you from poison.
   It may slow you when you take damage.
Missiles
 L - 4 arrows
Armour
 k - a +0 helmet (worn)
 m - a +0 pair of boots (worn)
 A - a +2 ring mail of cold resistance (worn)
 C - a +1 ring mail of poison resistance
Magical Staves
 F - a staff of earth
Jewellery
 a - a +6 ring of dexterity (left hand)
 h - a ring of fire
 o - an amulet of the acrobat (around neck)
 p - a +6 ring of intelligence (right hand)
 G - a ring of fire
 H - a ring of resist corrosion
 O - a +6 ring of dexterity
Wands
 g - a wand of polymorph (6)
 v - a wand of flame (28)
 y - a wand of paralysis (7)
 M - a wand of acid (4)
Scrolls
 f - 2 scrolls of identify {unknown}
 i - a scroll of enchant weapon {unknown}
 j - 2 scrolls of teleportation {unknown}
 l - 2 scrolls of random uselessness {unknown}
 s - a scroll of amnesia {unknown}
 D - a scroll of fear {unknown}
 I - 2 scrolls of blinking {unknown}
 N - a scroll of brand weapon {unknown}
Potions
 b - a potion of invisibility
 c - 4 potions of lignification
 d - 8 potions of curing {unknown}
 e - 2 potions of heal wounds {unknown}
 n - 4 potions of might {unknown}
 q - a potion of resistance
 r - 3 potions of magic {unknown}
 t - 2 potions of degeneration {unknown}
 w - 3 potions of mutation {unknown}
 x - a potion of cancellation {unknown}
 z - 2 potions of flight {unknown}
 B - 2 potions of brilliance {unknown}
 P - a potion of ambrosia {unknown}


   Skills:
 + Level 4.9 Fighting
 + Level 4.1 Short Blades
 + Level 4.1 Long Blades
 + Level 4.1 Axes
 + Level 4.9 Maces & Flails
 + Level 4.1 Polearms
 + Level 4.1 Staves
 + Level 4.1 Slings
 + Level 4.1 Bows
 + Level 4.1 Crossbows
 + Level 4.1 Throwing
 + Level 4.9 Armour
 + Level 4.1 Dodging
 + Level 4.1 Stealth
 + Level 4.1 Shields
 + Level 4.1 Unarmed Combat
 + Level 10.1 Spellcasting
 + Level 3.4 Conjurations
 + Level 3.4 Hexes
 + Level 3.4 Summonings
 + Level 3.4 Necromancy
 + Level 3.4 Translocations
 + Level 3.4 Transmutations
 + Level 4.1 Fire Magic
 + Level 3.4 Ice Magic
 + Level 3.4 Air Magic
 + Level 3.4 Earth Magic
 + Level 3.4 Poison Magic
 + Level 4.5 Invocations
 + Level 6.2 Evocations


You had 16 spell levels left.
You knew the following spells:

 Your Spells              Type           Power        Failure   Level
a - Magic Dart            Conj           100%         3%          1
b - Blink                 Tloc           N/A          4%          2
c - Call Imp              Summ           28%          4%          2
d - Corpse Rot            Necr/Air       N/A          4%          2
e - Sublimation of Blood  Necr           14%          4%          2
f - Mephitic Cloud        Conj/Pois/Air  28%          10%         3

Your spell library contained the following spells:

 Spells                   Type           Power        Failure   Level
 Summon Small Mammal      Summ           100%         3%          1
 Slow                     Hex            28%          4%          2
 Conjure Flame            Conj/Fire      30%          9%          3
 Call Canine Familiar     Summ           28%          10%         3
 Summon Guardian Golem    Hex/Summ       28%          10%         3
 Summon Ice Beast         Ice/Summ       28%          32%         4
 Summon Lightning Spire   Summ/Air       28%          32%         4


Dungeon Overview and Level Annotations

Branches:
Dungeon (9/15)
 Temple: D:4-7         Lair: D:8-11         Orc: D:9-12

Altars:
Cheibriados
Dithmenos
Fedhas
Kikubaaqudgha
Nemelex Xobeh
Wu Jian
Yredelemnul
Zin
The Shining One

Annotations:
D:3 1 runed translucent door, Armakuni's ghost, amateur DgWn; Sigmund
D:4 2 transporters, prdct's ghost, amateur MfIE
D:8 Grum; Maurice


Innate Abilities, Weirdness & Mutations

Your experience applies equally to all skills.
You have very sharp teeth.
Your uncanny sense of smell can sniff out nearby items.


Message History

The hornet zombie misses you.
You hit the hornet zombie but do no damage.
The hornet zombie barely misses you.
You sock the hornet zombie!
The hornet zombie is lightly damaged.
The hornet zombie misses you. x2
You completely miss the hornet zombie.
The hornet zombie is lightly damaged.
The hornet zombie hits you.
You barely miss the hornet zombie.
The hornet zombie is lightly damaged.
The hornet zombie hits you.
You sock the hornet zombie! Your bite misses the hornet zombie.
The hornet zombie is heavily damaged.
The hornet zombie barely misses you. x2
You hit the hornet zombie.
You bite the hornet zombie, but do no damage.
The hornet zombie is heavily damaged.
The hornet zombie misses you.
You sock the hornet zombie!
You bite the hornet zombie, but do no damage.
The hornet zombie is severely damaged.
The hornet zombie hits you!
* * * LOW HITPOINT WARNING * * *
The hornet zombie misses you.
You hit the hornet zombie but do no damage.
Your bite misses the hornet zombie.
The hornet zombie is severely damaged.
The hornet zombie closely misses you.
You hit the hornet zombie.
The hornet zombie is severely damaged.
The hornet zombie hits you!
* * * LOW HITPOINT WARNING * * *
The hornet zombie hits you!
* * * LOW HITPOINT WARNING * * *
You sock the hornet zombie!
The hornet zombie is almost destroyed.
The hornet zombie hits you but does no damage.
The hornet zombie hits you.
You die...

####### #.....##
#......# #......###
#........#
#####Z@....#.#
#.....######.#
#.....# #.#
###.....######.######
#........<...#..).†(#
#####
#.#..........######.#
....# #.#..........#
#(# ....#
#.#....###.### #(#
....# #.#....# #.##
#)#


You could see a hornet zombie.

Vanquished Creatures
  Eustachio (D:4)
  A yak (D:9)
  A necrophage (D:8)
  An ogre (D:9)
  A centaur (D:9)
  2 wolves (D:9)
  2 phantoms
  2 bullfrogs
  2 scorpions
  3 wights (D:9)
  2 howler monkeys (D:9)
  A jelly (D:8)
  2 centaur skeletons
  A hound (D:9)
  3 bullfrog skeletons
  3 orc wizards (D:9)
  4 worker ants
  7 adders
  3 shadow imps
  3 white imps
  3 ufetubi
  An adder skeleton (D:6)
  A worm (D:3)
  5 dart slugs
  A leopard gecko (D:5)
  8 orcs
  9 bats
  7 giant cockroaches
  7 goblins
  3 hobgoblins
  4 jackals (D:3)
  2 quokkas
  A ball python (D:3)
  4 frilled lizards
  A jackal skeleton (D:9)
  6 kobolds
  2 leopard gecko skeletons
  3 rats (D:2)
  A spectral orc (D:4)
114 creatures vanquished.

Vanquished Creatures (collateral kills)
  An orc warrior (D:6)
  An ogre (D:6)
  A centaur (D:5)
  2 bullfrogs
  A hound (D:5)
  Crazy Yiuf (D:4)
  2 orc wizards
  3 gnolls (D:3)
  2 adders (D:6)
  3 white imps
  An ooze (D:3)
  2 worms
  4 orcs
  2 quokkas
26 creatures vanquished.

Vanquished Creatures (others)
  8 fungi (D:8)
  11 plants (D:8)
  A withered plant (D:3)
20 creatures vanquished.

Grand Total: 160 creatures vanquished

Notes
Turn   | Place    | Note
-------+----------+-------------------------------------------
     0 | D:1      | Reached skill level 9 in Spellcasting
     0 | D:1      | gruber the Gnoll Wanderer began the quest for the Orb.
     0 | D:1      | gruber set off with the following items: a +0 dagger, a
                  | potion of lignification, a +0 robe; and the following spell
                  | memorised: Magic Dart; and the following spells available
                  | to memorise: Blink, Call Imp, Corpse Rot, Slow, Sublimation
                  | of Blood, Conjure Flame, Mephitic Cloud
     0 | D:1      | Reached XP level 1. HP: 17/17 MP: 10/10
   203 | D:1      | Reached XP level 2. HP: 23/23 MP: 9/12
   803 | D:1      | Reached XP level 3. HP: 23/28 MP: 8/13
  1377 | D:2      | Learned a level 2 spell: Blink
  1380 | D:2      | Learned a level 2 spell: Call Imp
  1383 | D:2      | Learned a level 2 spell: Corpse Rot
  1386 | D:2      | Learned a level 2 spell: Sublimation of Blood
  1390 | D:2      | Learned a level 3 spell: Mephitic Cloud
  1415 | D:2      | Reached skill level 1 in Invocations
  1862 | D:2      | Reached skill level 1 in Short Blades
  1862 | D:2      | Reached skill level 1 in Long Blades
  1862 | D:2      | Reached skill level 1 in Axes
  1862 | D:2      | Reached skill level 1 in Polearms
  1862 | D:2      | Reached skill level 1 in Staves
  1862 | D:2      | Reached skill level 1 in Slings
  1862 | D:2      | Reached skill level 1 in Bows
  1862 | D:2      | Reached skill level 1 in Crossbows
  1862 | D:2      | Reached skill level 1 in Throwing
  1862 | D:2      | Reached skill level 1 in Dodging
  1862 | D:2      | Reached skill level 1 in Stealth
  1862 | D:2      | Reached skill level 1 in Shields
  1862 | D:2      | Reached skill level 1 in Unarmed Combat
  2001 | D:2      | Reached XP level 4. HP: 34/34 MP: 13/15
  2015 | D:2      | Found a glowing golden altar of the Shining One.
  2441 | D:3      | Reached skill level 1 in Conjurations
  2441 | D:3      | Reached skill level 1 in Hexes
  2441 | D:3      | Reached skill level 1 in Summonings
  2441 | D:3      | Reached skill level 1 in Necromancy
  2441 | D:3      | Reached skill level 1 in Translocations
  2441 | D:3      | Reached skill level 1 in Transmutations
  2441 | D:3      | Reached skill level 1 in Ice Magic
  2441 | D:3      | Reached skill level 1 in Air Magic
  2441 | D:3      | Reached skill level 1 in Earth Magic
  2441 | D:3      | Reached skill level 1 in Poison Magic
  2705 | D:3      | Reached XP level 5. HP: 40/40 MP: 4/16
  2774 | D:3      | Noticed Armakuni's ghost (amateur DgWn)
  2777 | D:3      | Found a runed translucent door.
  3339 | D:3      | Noticed Sigmund
  4066 | D:4      | Found an ornate altar of the Wu Jian Council.
  4172 | D:4      | Found a basalt altar of Yredelemnul.
  4328 | D:4      | Noticed prdct's ghost (amateur MfIE)
  4329 | D:4      | Found a transporter.
  4330 | D:4      | Noticed an ogre
  4332 | D:4      | Noticed an ogre
  4332 | D:4      | Identified the +9 dire flail of the Endless Expanse
                  | {protect, Str+4}
  4332 | D:4      | Noticed an ogre
  4337 | D:4      | Found a transporter.
  4640 | D:4      | Found a runed translucent door.
  4641 | D:4      | Noticed Crazy Yiuf
  4759 | D:4      | Killed Crazy Yiuf
  4888 | D:5      | Entered Level 5 of the Dungeon
  4901 | D:5      | Noticed a centaur
  4908 | D:5      | Killed a centaur
  4909 | D:5      | Reached XP level 6. HP: 27/47 MP: 12/18
  5074 | D:5      | Found a snail-covered altar of Cheibriados.
  5345 | D:5      | Found a sparkling altar of Nemelex Xobeh.
  5397 | D:5      | Found a glowing silver altar of Zin.
  5513 | D:5      | Noticed Eustachio
  5584 | D:4      | Reached skill level 5 in Evocations
  5709 | D:4      | Killed Eustachio
  5834 | D:5      | Reached XP level 7. HP: 36/52 MP: 12/20
  6643 | D:6      | Reached XP level 8. HP: 48/60 MP: 13/21
  6738 | D:6      | Found an ancient bone altar of Kikubaaqudgha.
  6739 | D:6      | Found a blossoming altar of Fedhas.
  6914 | D:6      | Found a sparkling altar of Nemelex Xobeh.
  6943 | D:6      | You fall into a shaft and drop 3 floors!
  6948 | D:8      | Noticed Grum
  7322 | D:9      | Found a shadowy altar of Dithmenos.
  8123 | D:8      | Noticed a yak
  8157 | D:9      | Killed a yak
  8338 | D:8      | Noticed Maurice
  8355 | D:9      | Reached skill level 10 in Spellcasting
  8557 | D:9      | Reached XP level 9. HP: 62/66 MP: 23/23
  8744 | D:9      | Identified the +9 mace of Pytubude {antimagic, *Slow rPois
                  | Dex+4}
  8919 | D:9      | HP: 3/67 [hornet zombie (8)]
  8920 | D:9      | Slain by a hornet zombie

Illustrated notes

Levels and vault maps discovered:
D:1:      minmay_arrival_glassed_features, layout_basic, minmay_liquid_box,
          minmay_pentomino_z2
D:2:      layout_basic, lemuel_round_altar
D:3:      layout_basic, serial_undead, serial_undead_e, serial_undead_b,
          serial_undead_b, serial_undead_d, hellmonk_ghost_happy_afterlife,
          uniq_sigmund
D:4:      layout_loops_corners, nzn_wu_jian_council_hall,
          yredelemnul_forgotten_temple_becter, gammafunk_ghost_smash,
          uniq_crazy_yiuf_cottage
D:5:      minmay_clustersquares, layout_rooms, lemuel_doored_altar,
          nemelex_altar_shiori, zin_academy, uniq_eustachio
D:6:      layout_cave_pools, grunt_temple_overflow_growth_and_decay,
          chequers_serial_rivers_small_b, nemelex_lonely_heart_becter
D:8:      layout_rooms, old_standard_altar, grunt_lair_entry_orc_guard_hut,
          zaba_antful_of_joy, uniq_grum, uniq_maurice, uniq_erica
D:9:      minmay_the_grid_octo_tiled_octocenter [minmay_the_grid_octo_checkered,
          minmay_the_grid_octo_concentric, minmay_the_grid_octo_clover,
          minmay_the_grid_octo_pinwheel,
          minmay_the_grid_octo_prize_square_snowflake,
          minmay_the_grid_square_5x5_slash, minmay_the_grid_square_5x5_n,
          minmay_the_grid_square_5x5_lines,
          minmay_the_grid_square_5x5_eight_small], layout_basic,
          nicolae_dithmenos_through_a_glass_darkly, serial_shops, shop

Skill      XL: |  1  2  3  4  5  6  7  8  9 |
---------------+----------------------------+-----
Spellcasting   | 10 | 10.1
Fire Magic     | 2 3 4 |  4.1
Invocations    | 1 2 3 4 |  4.5
Short Blades   | 1 2 3 4 |  4.1
Long Blades    | 1 2 3 4 |  4.1
Axes           | 1 2 3 4 |  4.1
Polearms       | 1 2 3 4 |  4.1
Staves         | 1 2 3 4 |  4.1
Slings         | 1 2 3 4 |  4.1
Bows           | 1 2 3 4 |  4.1
Crossbows      | 1 2 3 4 |  4.1
Throwing       | 1 2 3 4 |  4.1
Dodging        | 1 2 3 4 |  4.1
Stealth        | 1 2 3 4 |  4.1
Shields        | 1 2 3 4 |  4.1
Unarmed Combat | 1 2 3 4 |  4.1
Conjurations   | 1 2 3 |  3.4
Hexes          | 1 2 3 |  3.4
Summonings     | 1 2 3 |  3.4
Necromancy     | 1 2 3 |  3.4
Translocations | 1 2 3 |  3.4
Transmutations | 1 2 3 |  3.4
Ice Magic      | 1 2 3 |  3.4
Air Magic      | 1 2 3 |  3.4
Earth Magic    | 1 2 3 |  3.4
Poison Magic   | 1 2 3 |  3.4
Fighting       | 3 4 |  4.9
Maces & Flails | 3 4 |  4.9
Armour         | 3 4 |  4.9
Evocations     | 5 6 |  6.2

Action                   |  1- 3 |  4- 6 |  7- 9 || total
-------------------------+-------+-------+-------++-------
Melee: Short sword       |    40 |       |       ||    40
       Bite              |     3 |     4 |    27 ||    34
       Flail             |       |    75 |    68 ||   143
       Punch             |       |     1 |     3 ||     4
       Rapier            |       |       |    60 ||    60
       Long sword        |       |       |    75 ||    75
       Mace              |       |       |    16 ||    16
 Fire: Shortbow          |       |       |    82 ||    82
 Cast: Magic Dart        |    94 |    55 |     2 ||   151
       Call Imp          |     2 |    40 |    18 ||    60
       Corpse Rot        |     2 |     1 |       ||     3
       Mephitic Cloud    |       |     3 |     2 ||     5
       Sublimation of Bl |       |     1 |       ||     1
Evoke: Wand              |       |       |     6 ||     6
 Stab: Distracted        |       |     4 |     5 ||     9
       Sleeping          |       |     2 |       ||     2
       Confused          |       |       |     1 ||     1
       Paralysed         |       |       |     2 ||     2
Armor: Leather armour    |    20 |    16 |       ||    36
       Skin              |       |     3 |       ||     3
       Ring mail         |       |    29 |   118 ||   147
Dodge: Dodged            |    49 |   109 |   207 ||   365
       Rpst.: Long sword |       |       |    12 ||    12

Table legend: (Time is in decaauts)
 A = Elapsed time spent in this place.
 B = Non-inter-level travel time spent in this place.
 C = Inter-level travel time spent in this place.
 D = Time resting spent in this place.
 E = Time spent auto-exploring this place.
 F = Levels seen in this place.
 G = Mean time per level.
                   A        B        C        D        E       F      G
               +--------+--------+--------+--------+--------+-----+--------+
         Total |   8985 |   8557 |    428 |    653 |   6299 |   8 | 1123.1 |
       Dungeon |   8985 |   8557 |    428 |    653 |   6299 |   8 | 1123.1 |
               +--------+--------+--------+--------+--------+-----+--------+

Top non-repeatable levels by time:
     D:9: 1573 daAuts
     D:3: 1411 daAuts
     D:5: 1319 daAuts
     D:4: 1297 daAuts
     D:2: 1276 daAuts
     D:1: 1045 daAuts
     D:6: 627 daAuts
     D:8: 433 daAuts
